Map: Hills of Peshkov

Players

Revenant - Winner!

  • Race: Protoss Protoss
  • Spawn Location: 12:00

DrCochon - Winner!

  • Race: Terran Terran
  • League: Gold
  • Spawn Location: 1:00

Messanne - Winner!

  • Race: Protoss Protoss
  • Spawn Location: 11:00

DoumB

  • Race: Protoss Protoss
  • League: Gold
  • Spawn Location: 6:00

DirtyReaver

  • Race: Zerg Zerg
  • Spawn Location: 5:00

Grumm

  • Race: Zerg Zerg
  • League: Gold
  • Spawn Location: 7:00

VOD

Have the link to the VOD?

Description

Time

  • Played on: Feb. 18, 2016, 6:22 p.m.
  • Length: 16:16
Show
View Real Time Build Order
Export as new Build Order

Revenant Protoss - Winner!

Build Orders: Forge Fast Expand (FFE) 

Get SALT Encoding   

  12  0:01  Probe (Chrono Boost)  
  13  0:12  Probe (Chrono Boost)  
  14  0:22  Pylon  
  14  0:23  Probe (Chrono Boost)  
  15  0:41  Probe (Chrono Boost)  
  16  0:51  Forge  
  16  1:06  Nexus  
  16  1:14  Pylon  
  16  1:22  Probe (Chrono Boost)  
  17  1:25  Pylon  
  17  1:38  Pylon  
  17  1:53  Photon Cannon  
  17  1:57  Photon Cannon  
  17  2:03  Pylon  
  17  2:11  Probe (Chrono Boost)  
  18  2:18  Probe (Chrono Boost)  
  18  2:22  Probe (Chrono Boost)  
  20  2:24  Gateway  
  20  2:35  Gateway  
  20  2:45  Probe (Chrono Boost)  
  20  2:46  Probe (Chrono Boost)  
  20  2:50  Assimilator  
  22  2:54  Assimilator  
  22  2:56  Probe x2 (Chrono Boost)  
  24  3:06  Probe (Chrono Boost)  
  24  3:07  Pylon, Probe (Chrono Boost)  
  24  3:12  Gateway  
  26  3:19  Cybernetics Core, Probe (Chrono Boost)  
  27  3:22  Probe (Chrono Boost)  
  28  3:30  Probe (Chrono Boost)  
  28  3:33  Probe (Chrono Boost)  
  30  3:35  Zealot x2  
  34  3:55  Pylon  
  34  4:01  Pylon, Probe (Chrono Boost)  
  34  4:02  Probe (Chrono Boost)  
  36  4:05  Warp Gate (Chrono Boost)  
  36  4:12  Probe (Chrono Boost)  
  36  4:13  Mothership Core (Chrono Boost)  
  36  4:15  Zealot x3  
  45  4:29  Probe (Chrono Boost)  
  45  4:31  Probe (Chrono Boost)  
  47  4:34  Assimilator  
  47  4:37  Assimilator  
  47  4:38  Pylon  
  47  4:40  Probe (Chrono Boost)  
  47  4:41  Photon Cannon  
  48  4:49  Zealot x2  
  48  4:50  Zealot  
  54  4:56  Pylon  
  54  5:14  Robotics Facility, Twilight Council, Probe x2  
  56  5:49  Photon Cannon  
  56  5:50  Pylon  
  56  5:55  Probe  
  57  6:06  Probe  
  42  6:23  Stalker x3  
  48  6:51  Immortal (Chrono Boost)  
  52  6:58  Gateway  
  52  7:00  Stalker x3, Gateway  
  52  7:01  Pylon, Gateway  
  58  7:02  Pylon  
  58  7:03  Pylon  
  58  7:04  Pylon, Probe  
  58  7:06  Probe  
  60  7:14  Robotics Bay, Probe  
  60  7:18  Probe  
  62  7:23  Protoss Ground Weapons Level 1  
  62  7:25  Blink (Chrono Boost), Immortal (Chrono Boost)  
  62  7:30  Stalker x3  
  72  7:56  Stalker x3  
  72  7:57  Stalker x2  
  72  7:58  Stalker  
  66  8:31  Stalker  
  66  8:32  Stalker x5  
  76  8:47  Colossus  
  76  8:55  Extended Thermal Lance (Chrono Boost)  
  82  9:09  Stargate, Probe  
  83  9:16  Stalker x6  
  95  9:17  Protoss Shields Level 1  
  95  9:21  Probe  
  96  9:35  Pylon  
  96  10:02  Fleet Beacon  
  96  10:11  Nexus  
  66  10:51  Stalker x3  
  66  10:52  Stalker x3  
  76  11:25  Colossus  
  70  11:29  Stalker x5  
  70  11:30  Stalker  
  88  12:07  Stalker x3  
  88  12:08  Stalker x3  
  100  12:22  Colossus  
  104  12:54  Nexus  
  104  13:03  Stalker x5  
  104  13:04  Stalker  
  116  13:50  Stalker x6  
  128  14:13  Observer  
  129  14:31  Observer  
  130  15:03  Immortal  
  130  15:11  Robotics Facility  
  134  15:14  Assimilator  
  122  15:37  Immortal  
  100  15:50  Pylon  
Show
View Real Time Build Order
Export as new Build Order

DrCochon Terran - Winner!

Build Orders: Command Center First (CC) 

Get SALT Encoding   

  12  0:02  SCV  
  13  0:14  SCV  
  14  0:25  Supply Depot  
  14  0:26  SCV  
  15  0:47  SCV  
  16  0:59  Command Center  
  16  1:05  SCV  
  17  1:17  Barracks  
  17  1:20  SCV  
  18  1:32  Refinery, SCV  
  19  1:45  SCV  
  20  1:56  Refinery  
  20  1:57  SCV  
  21  2:07  Marine  
  22  2:09  SCV  
  22  2:11  Orbital Command  
  22  2:12  Bunker  
  23  2:24  Orbital Command  
  23  2:27  Marine  
  24  2:44  Bunker  
  24  2:45  Marine  
  24  2:48  SCV  
  24  2:50  SCV  
  27  2:53  Refinery  
  27  2:54  Refinery  
  27  3:00  SCV  
  27  3:01  Engineering Bay  
  27  3:02  SCV  
  29  3:07  Barracks Tech Lab  
  29  3:13  SCV  
  29  3:14  SCV  
  29  3:16  Supply Depot  
  31  3:25  SCV  
  31  3:26  SCV  
  33  3:29  Missile Turret  
  33  3:31  Missile Turret  
  33  3:37  SCV  
  33  3:38  Factory, SCV  
  35  3:46  Factory  
  35  3:49  SCV  
  35  3:51  SCV, Barracks  
  37  3:56  Terran Infantry Weapons Level 1  
  37  4:01  SCV  
  38  4:03  SCV  
  39  4:10  Combat Shields  
  39  4:19  SCV  
  40  4:26  Marauder, Barracks  
  42  4:31  Missile Turret, SCV  
  42  4:38  SCV  
  44  4:43  SCV  
  44  4:44  Barracks  
  45  4:50  SCV  
  46  4:53  Factory Tech Lab x2  
  46  4:54  Barracks Reactor  
  46  5:03  Supply Depot  
  46  5:04  Marauder, SCV  
  49  5:11  Starport  
  49  5:16  SCV, Siege Tank  
  53  5:24  Siege Tank  
  53  5:28  SCV  
  57  5:29  Supply Depot  
  57  5:33  Barracks Reactor  
  57  5:34  Marine x2  
  59  5:51  Terran Infantry Armor Level 1  
  59  5:52  Missile Turret, Marine x2  
  59  5:54  Siege Tank  
  59  5:56  Siege Tank  
  67  5:57  Marauder  
  67  5:59  Starport Reactor  
  67  6:15  Marine  
  67  6:16  Marine  
  67  6:17  Marine x3  
  60  6:19  Marauder  
  58  6:33  Marine x2  
  58  6:34  Marine x2  
  62  6:41  Marauder, Marine  
  62  6:50  Supply Depot x2  
  62  6:58  Supply Depot  
  62  7:00  Supply Depot  
  62  7:01  Barracks Reactor  
  62  7:03  Supply Depot  
  62  7:04  Command Center  
  62  7:11  Marine x4, SCV, Siege Tank  
  62  7:12  Medivac x2, Siege Tank  
  62  7:14  Marauder  
  79  7:16  Stimpack  
  79  7:29  Marine x4  
  83  7:36  Marauder  
  85  7:38  Barracks  
  85  7:42  Medivac  
  87  7:46  Marine x2  
  87  7:47  Marine x2  
  91  7:57  Marauder  
  96  7:58  Siege Tank  
  96  8:01  Siege Tank  
  96  8:04  Marine  
  86  8:10  Command Center  
  72  8:19  Marine  
  67  8:20  Marauder, Marine x3  
  67  8:21  Marine  
  68  8:28  Marine  
  69  8:41  Marauder  
  69  8:46  Marine x4  
  69  8:47  Marine x2  
  77  9:02  Siege Tank x2  
  83  9:03  Marauder, Marine  
  83  9:04  Marine x2  
  83  9:09  Medivac  
  90  9:17  Concussive Shells  
  90  9:22  Marine  
  90  9:23  Marine x5  
  96  9:24  Marauder  
  98  9:31  Planetary Fortress  
  98  9:35  Missile Turret  
  98  9:40  Marine  
  98  9:41  Marine x2, Planetary Fortress  
  101  9:46  Marauder  
  101  9:47  Missile Turret  
  101  9:51  Marine x3  
  106  9:53  Siege Tank  
  106  9:58  Medivac x2, Marine x3  
  118  10:07  Marauder  
  118  10:08  Marine  
  118  10:09  Marine x2  
  118  10:10  Siege Tank  
  124  10:16  Marine x3  
  127  10:25  Siege Tank  
  127  10:26  Marine  
  127  10:27  Medivac, Marine  
  127  10:28  Marauder, Armory  
  125  10:40  Marine x3  
  125  10:41  Marine  
  126  10:44  Marine  
  126  10:45  Marine  
  119  10:50  Marauder  
  115  10:58  Marine x4  
  115  11:02  Marine x2  
  121  11:09  Siege Tank x2  
  121  11:10  Medivac  
  131  11:11  Marauder  
  131  11:15  Marine  
  131  11:16  Marine x3  
  135  11:20  Marine x2  
  135  11:33  Marauder, Marine  
  135  11:34  Marine x3  
  135  11:37  Marine  
  140  11:41  Siege Tank  
  140  11:48  Marine  
  140  11:51  Marine x2  
  140  11:52  Marine x2  
  139  11:54  Marauder  
  139  11:55  Marine  
  137  12:03  Siege Tank  
  137  12:06  Marine  
  138  12:09  Marine x3  
  138  12:10  Marine  
  140  12:23  Terran Infantry Weapons Level 2  
  140  12:29  Engineering Bay  
  140  12:37  Marine x2  
  140  12:38  Marauder, Marine x3, Siege Tank x2  
  140  12:43  Viking x2  
  157  12:51  Marine  
  158  12:55  Marine x2  
  160  12:59  Marauder  
  162  13:10  Starport  
  159  13:13  Viking x2  
  159  13:15  Refinery  
  159  13:16  Refinery  
  159  13:17  Marine x5  
  165  13:21  Marauder  
  136  14:03  Marine x2  
  136  14:04  Marauder, Marine x4  
  116  14:21  Marine  
  115  14:25  Marauder  
  117  14:39  Command Center  
  117  14:47  Marauder  
  119  14:57  Marine x6  
  125  15:08  Marauder  
  127  15:14  Marine  
  99  15:29  Marauder, Widow Mine x2  
  99  15:32  Starport Tech Lab  
Show
View Real Time Build Order
Export as new Build Order

Messanne Protoss - Winner!

Build Orders:  

Get SALT Encoding   

  12  0:03  Probe (Chrono Boost)  
  13  0:25  Pylon  
  13  0:33  Probe (Chrono Boost)  
  14  0:44  Probe (Chrono Boost)  
  15  0:51  Gateway  
  15  0:54  Forge  
  15  1:00  Pylon  
  15  1:29  Photon Cannon  
  15  1:37  Photon Cannon  
  15  1:40  Cybernetics Core  
  15  1:44  Pylon  
  15  1:49  Pylon  
  15  2:01  Probe (Chrono Boost)  
  16  2:12  Probe (Chrono Boost)  
  18  2:23  Probe (Chrono Boost)  
  18  2:33  Probe (Chrono Boost)  
  18  2:36  Nexus  
  19  2:44  Assimilator, Probe (Chrono Boost)  
  20  2:48  Assimilator  
  20  2:55  Probe (Chrono Boost)  
  21  3:03  Assimilator  
  22  3:05  Probe (Chrono Boost)  
  22  3:08  Assimilator  
  22  3:16  Probe (Chrono Boost)  
  23  3:27  Probe (Chrono Boost)  
  24  3:37  Probe (Chrono Boost)  
  25  3:48  Probe (Chrono Boost)  
  26  3:49  Probe (Chrono Boost)  
  27  3:58  Probe (Chrono Boost)  
  27  3:59  Probe (Chrono Boost)  
  29  4:09  Probe (Chrono Boost)  
  31  4:10  Probe (Chrono Boost)  
  31  4:13  Photon Cannon  
  31  4:19  Probe (Chrono Boost)  
  31  4:20  Probe (Chrono Boost)  
  27  4:30  Probe (Chrono Boost)  
  27  4:31  Probe (Chrono Boost)  
  11  4:40  Probe (Chrono Boost)  
  11  4:41  Probe (Chrono Boost)  
Show
View Real Time Build Order
Export as new Build Order

DoumB Protoss 

Build Orders:  

Get SALT Encoding   

  12  0:01  Probe (Chrono Boost)  
  13  0:11  Probe (Chrono Boost)  
  14  0:19  Pylon  
  14  0:22  Probe (Chrono Boost)  
  15  0:29  Assimilator  
  15  0:38  Probe (Chrono Boost)  
  16  0:48  Probe (Chrono Boost)  
  17  0:50  Gateway  
  17  0:59  Probe (Chrono Boost)  
  17  1:02  Assimilator  
  18  1:09  Probe (Chrono Boost)  
  19  1:18  Gateway  
  19  1:20  Probe (Chrono Boost)  
  20  1:28  Pylon  
  20  1:30  Probe (Chrono Boost)  
  21  1:41  Probe (Chrono Boost)  
  21  1:42  Cybernetics Core  
  21  1:46  Zealot  
  24  1:51  Probe (Chrono Boost)  
  25  2:02  Gateway  
  25  2:03  Probe (Chrono Boost)  
  26  2:09  Zealot (Chrono Boost)  
  28  2:17  Pylon  
  28  2:27  Stalker (Chrono Boost)  
  30  2:34  Probe  
  30  2:35  Stalker (Chrono Boost)  
  35  2:53  Stalker (Chrono Boost)  
  35  3:09  Stalker (Chrono Boost)  
  35  3:12  Stalker (Chrono Boost)  
  39  3:16  Warp Gate (Chrono Boost)  
  39  3:18  Pylon  
  39  3:36  Probe  
  39  3:40  Stalker (Chrono Boost)  
  42  3:44  Nexus  
  42  3:53  Stalker (Chrono Boost)  
  44  3:57  Stalker (Chrono Boost)  
  46  4:03  Pylon  
  46  4:29  Zealot (Chrono Boost)  
  52  4:32  Stalker (Chrono Boost)  
  52  4:33  Stalker (Chrono Boost)  
  50  5:05  Probe x2  
  52  5:08  Robotics Facility  
  52  5:10  Robotics Facility  
  52  5:11  Robotics Facility  
  52  5:15  Probe  
  52  5:20  Stalker  
  52  5:21  Stalker  
  57  5:22  Sentry  
  57  5:26  Probe  
  60  5:36  Probe  
  61  5:47  Probe  
  62  5:51  Stalker  
  62  5:52  Stalker  
  62  5:55  Immortal  
  70  6:06  Pylon  
  70  6:08  Pylon  
  56  6:46  Stalker  
  54  6:48  Immortal x3  
  66  6:56  Stalker  
  66  6:57  Stalker  
  66  6:59  Probe  
  71  7:02  Assimilator  
  71  7:06  Assimilator  
  71  7:09  Probe  
  72  7:20  Probe  
  72  7:21  Stalker x2  
  72  7:22  Sentry  
  79  7:30  Probe  
  80  7:39  Immortal  
  80  7:41  Probe  
  85  7:47  Pylon  
  85  7:52  Probe  
  86  8:02  Nexus  
  86  8:15  Pylon  
  72  8:31  Stalker x3  
  80  8:34  Immortal x2 (Chrono Boost)  
  84  8:54  Stalker  
  86  8:55  Stalker  
  86  8:56  Stalker  
  86  9:00  Assimilator  
  94  9:11  Immortal (Chrono Boost)  
  94  9:22  Immortal (Chrono Boost)  
  98  9:29  Stalker  
  100  9:34  Stalker  
  100  9:37  Sentry  
  104  9:48  Probe  
  105  10:00  Probe  
  106  10:11  Stalker  
  106  10:12  Probe, Stalker x2  
  113  10:22  Forge  
  113  10:24  Probe  
  64  10:56  Stalker x3  
  50  10:58  Immortal (Chrono Boost)  
  50  10:59  Immortal (Chrono Boost)  
  59  11:20  Immortal (Chrono Boost)  
  54  11:33  Immortal (Chrono Boost)  
  54  11:36  Stalker x3  
  50  12:00  Immortal (Chrono Boost)  
  47  12:01  Stalker x2  
  47  12:04  Sentry  
  31  12:25  Stalker  
  31  12:26  Stalker  
  25  13:01  Probe  
  20  13:11  Pylon  
  20  13:12  Probe  
  18  13:13  Pylon  
  13  13:22  Probe  
  12  13:36  Probe  
Show
View Real Time Build Order
Export as new Build Order

DirtyReaver Zerg 

Build Orders: Pool First 

Get SALT Encoding   

  12  0:01  Drone  
  13  0:08  Drone  
  14  0:30  Extractor x2  
  14  0:31  Drone x2  
  14  0:39  Extractor  
  14  0:40  Drone  
  15  0:49  Spawning Pool  
  15  1:03  Overlord  
  15  1:23  Drone x2  
  17  1:38  Metabolic Boost  
  17  1:43  Zergling x4  
  19  1:52  Queen  
  21  1:56  Zergling x2  
  21  2:00  Hatchery  
  21  2:05  Zergling x2  
  22  2:20  Overlord  
  22  2:21  Overlord  
  22  2:48  Zergling x4  
  24  3:13  Zergling x2  
  24  3:14  Zergling x10  
  30  3:31  Hatchery  
  29  3:37  Zergling x8  
  30  4:25  Zergling x2  
  30  4:26  Zergling x12  
  33  4:43  Zergling x2  
  33  4:44  Zergling x6  
  36  4:59  Zergling x8  
  40  5:10  Roach Warren  
  39  5:18  Drone, Extractor  
  39  5:19  Drone x4  
  43  5:51  Roach x3  
  43  5:52  Drone  
  43  5:54  Overlord x5  
  32  6:25  Zergling x4  
  29  6:26  Zergling x18  
  38  6:42  Lair  
  38  7:12  Zergling x16  
  38  7:13  Zergling x2  
  47  7:46  Drone  
  47  7:47  Drone x11  
  59  7:53  Extractor  
  38  8:20  Zergling x2  
  38  8:21  Zergling x18  
  42  8:35  Overseer x3  
  42  8:56  Roach x9  
  42  8:58  Glial Reconstitution  
  60  9:13  Drone  
  60  9:15  Drone x4  
  60  9:16  Extractor  
  64  9:24  Hatchery  
  63  9:42  Roach x2  
  63  9:43  Roach x6  
  64  10:32  Roach  
  64  10:33  Roach x8  
  63  10:46  Roach x3  
  63  10:47  Roach  
  61  10:58  Drone  
  61  10:59  Drone x5  
  67  11:17  Roach  
  67  11:18  Roach x5  
  30  11:53  Roach  
  30  11:54  Roach x7  
Show
View Real Time Build Order
Export as new Build Order

Grumm Zerg 

Build Orders: Pool First, Zergling Baneling 

Get SALT Encoding   

  12  0:01  Drone  
  13  0:27  Spawning Pool  
  12  0:31  Overlord  
  12  0:36  Drone  
  13  0:46  Drone  
  14  0:57  Drone  
  14  0:58  Drone  
  16  1:15  Zergling x2  
  16  1:16  Queen  
  19  1:22  Extractor  
  19  1:24  Drone, Extractor  
  18  1:39  Overlord  
  18  1:40  Zergling x2  
  19  1:58  Spine Crawler  
  18  2:12  Drone x3  
  21  2:27  Hatchery  
  19  2:46  Baneling Nest  
  18  2:59  Drone  
  18  3:00  Drone x4  
  23  3:17  Zergling x6  
  26  3:30  Zergling x6  
  29  3:38  Queen  
  31  3:48  Metabolic Boost  
  31  4:04  Overlord  
  31  4:06  Zergling x10  
  36  4:14  Baneling x4  
  36  4:16  Baneling  
  36  4:17  Baneling  
  36  4:19  Baneling  
  36  4:20  Baneling  
  35  4:59  Zergling x2  
  36  5:00  Zergling x10  
  41  5:07  Queen  
  41  5:11  Lair  
  43  5:24  Baneling x2  
  43  5:26  Baneling  
  43  5:27  Baneling x12  
  43  5:55  Drone, Overlord  
  43  5:56  Overlord  
  27  6:19  Zergling x18  
  27  6:20  Zergling x4  
  38  6:27  Spore Crawler  
  38  6:31  Spore Crawler  
  36  6:49  Drone  
  36  6:50  Drone x5  
  42  7:00  Centrifical Hooks  
  42  7:08  Infestation Pit  
  41  7:25  Baneling x8  
  41  7:31  Baneling  
  41  7:33  Drone  
  41  7:34  Drone x2  
  44  7:59  Evolution Chamber  
  32  8:22  Zergling x18  
  32  8:23  Zergling x16  
  49  8:39  Hive  
  49  8:44  Evolution Chamber  
  49  8:45  Zerg Ground Armor Level 1  
  48  8:56  Overlord x3  
  48  9:01  Baneling  
  48  9:02  Baneling  
  48  9:03  Baneling  
  48  9:13  Overlord  
  48  9:17  Drone  
  48  9:18  Drone x5  
  54  9:40  Drone x8, Extractor x2  
  60  10:00  Ultralisk Cavern  
  59  10:07  Hatchery  
  41  10:57  Overlord x2  
  41  10:58  Overlord  
  41  11:02  Ultralisk x2  
  53  11:04  Extractor  
  53  11:06  Extractor  
  51  11:22  Ultralisk  
  57  11:33  Ultralisk  
  63  11:41  Overlord x2  
  63  11:53  Ultralisk  
  69  12:03  Drone x5  
  69  12:04  Drone x2  
  69  12:05  Drone x2  
  78  12:12  Chitinous Plating  
  78  12:16  Zergling x14  
  78  12:17  Zergling x10  
  90  12:37  Overlord x3  
  90  12:45  Zerg Melee Weapons Level 1  
  90  12:46  Zerg Ground Armor Level 2  
  90  12:47  Overlord x3  
  90  12:48  Overlord  
  84  13:14  Ultralisk x3  
  102  13:30  Ultralisk  
  102  13:31  Ultralisk  
  77  14:16  Zergling x2  
  76  14:17  Zergling x30  
  91  14:32  Drone x3  
  94  14:54  Drone x3  
  94  14:55  Drone  
  76  15:33  Ultralisk  
  76  15:34  Ultralisk  
  76  15:35  Ultralisk  
  76  15:45  Drone x2  
  76  15:46  Drone x3  
Tags
 
Add a new tag
Caveats
  • Supply blocks, unpowered buildings, or Contaminate may cause inaccurate times.
  • Supply counts are checked every 10 seconds.